 Dungeon Crawl Stone Soup version 0.30-a0-170-g85af917532 (webtiles) character file.

Game seed: 5354627949101462686

3264 Flugkiller the Magician (level 9, -1/69 HPs)
             Began as a Mummy Ice Elementalist on Sept 30, 2022.
             Was a Believer of Ashenzari.
             Killed from afar by a smoke demon (4 damage)
             ... with a sticky flame
             ... on level 1 of the Abyss.
             The game lasted 00:13:46 (9508 turns).

Flugkiller the Magician (Mummy Ice Elementalist)    Turns: 9508, Time: 00:13:47

Health: -1/69      AC: 12    Str: 11    XL:     9   Next: 68%
Magic:  10/18      EV: 12    Int: 15    God:    Ashenzari [**....]
Gold:   434        SH:  0    Dex: 12    Spells: 12/20 levels left

rFire   x . .      SeeInvis +    v - +2 rapier "Cursed Together" {venom, Alch, Elem} (curse)
rCold   + + .      Faith    +    (no shield)
rNeg    + + +      Spirit   .    d - +0 leather armour of the Ruined Black Moon {Elem, Fort} (curse)
rPois   ∞          Reflect  .    D - +2 helmet
rElec   .          Harm     .    u - +2 cloak {rCorr}
rCorr   +          Rampage  .    p - +2 pair of gloves
Will    ++...                    (no boots)
Stlth   +.........               (no amulet)
HPRegen 0.21/turn                e - ring "Fetters of Ashenzari" {rPois rC+ rCorr Int-4, Melee, Comp} (curse)
MPRegen 0.16/turn                m - ring of willpower

@: freezing walls, very slow
A: cold resistance 1, negative energy resistance 3, torment resistance 2, heat
vulnerability 1, in touch with death 1, no potions, faith
a: Renounce Religion, Curse Item, Shatter the Chains


You were on level 1 of the Abyss.
You worshipped Ashenzari.
Ashenzari was pleased with you.
You visited 1 branch of the dungeon, and saw 8 of its levels.
You visited the Abyss 1 time.

You collected 434 gold pieces.

Inventory:

Hand Weapons
 c - a +0 spear
   (You found it on level 2 of the Dungeon)
 f - a +0 short sword
   (You took it off a kobold on level 1 of the Dungeon)
 g - a +0 trident
   (You found it on level 2 of the Dungeon)
 j - a +0 arbalest
   (You found it on level 3 of the Dungeon)
 q - a +1 vorpal flail
   (You took it off a gnoll on level 4 of the Dungeon)
 s - a +2 hammer of protection
   (You took it off a hobgoblin on level 4 of the Dungeon)
 v - the cursed +2 rapier "Cursed Together" (weapon) {venom, Alch, Elem}
   (You took it off Eustachio on level 5 of the Dungeon)

   It poisons the flesh of those it strikes.
   It has a curse which improves the following skills: Alchemy: Poison Magic and
   Transmutations.
   Elements:  Fire Magic, Ice Magic, Air Magic and Earth Magic.
 A - a +0 vampiric glaive
   (You found it on level 6 of the Dungeon)
Missiles
 b - 4 curare-tipped darts
Armour
 d - the cursed +0 leather armour of the Ruined Black Moon (worn) {Elem, Fort}
   (You found it on level 1 of the Dungeon)

   It has a curse which improves the following skills: Elements: Fire Magic, Ice
   Magic, Air Magic and Earth Magic.
   Fortitude: Armour and Shields.
 k - the +1 ring mail "Axzeto Roka" {Rampage rPois rC+++ Str-2}
   (You found it on level 3 of the Dungeon)

   Str:       It affects your strength (-2).
   rC:        It renders you almost immune to cold.
   rPois:     It protects you from poison.
   Rampage:   It bestows one free step when moving towards enemies.
 n - a +0 robe of cold resistance
   (You took it off an orc wizard on level 4 of the Dungeon)
 p - a +2 pair of gloves (worn)
   (You found it on level 4 of the Dungeon)
 u - a +2 cloak of preservation (worn)
   (You took it off Crazy Yiuf on level 4 of the Dungeon)
 C - a scarf of shadows
   (You found it on level 7 of the Dungeon)
 D - a +2 helmet (worn)
   (You found it on level 8 of the Dungeon)
Jewellery
 e - the cursed ring "Fetters of Ashenzari" (left hand) {rPois rC+ rCorr Int-4, Melee, Comp}
   (You found it on level 2 of the Dungeon)

   [ring of protection from cold]

   Int:       It affects your intelligence (-4).
   rC:        It protects you from cold.
   rPois:     It protects you from poison.
   rCorr:     It protects you from acid and corrosion.
   It has a curse which improves the following skills: Melee Combat: Short
   Blades, Long Blades, Axes, Maces & Flails, Polearms, Staves and Unarmed
   Combat.
   Companions: Summonings and Necromancy.
 m - a ring of willpower (right hand)
   (You found it on level 5 of the Dungeon)
 y - a +6 ring of strength
   (You found it on level 5 of the Dungeon)
 B - an amulet of guardian spirit
   (You found it on level 6 of the Dungeon)
Wands
 l - a wand of quicksilver (20)
   (You found it on level 3 of the Dungeon)
 z - a wand of charming (15)
   (You found it on level 5 of the Dungeon)
Scrolls
 h - a scroll of summoning
 i - a scroll of poison
 o - a scroll of immolation
 r - 13 scrolls of identify
 w - a scroll of enchant weapon
 x - a scroll of enchant armour


   Skills:
 - Level 6.0 Fighting
 - Level 1.4(2.3) Short Blades
 + Level 4.2 Dodging
 - Level 1.5 Stealth
 - Level 6.0 Spellcasting
 - Level 5.2(6.4) Summonings
 - Level 5.1(7.0) Ice Magic
 + Level 5.0 Evocations


You had 12 spell levels left.
You knew the following spells:

 Your Spells              Type           Power      Damage    Failure   Level
a - Freeze                Ice            100%       1d11      1%          1
b - Frozen Ramparts       Ice            50%        1d8       3%          3
d - Summon Ice Beast      Ice/Summ       24%        N/A       12%         4

Your spell library contained the following spells:

 Spells                   Type           Power      Damage    Failure   Level
 Ozocubu's Armour         Ice            25%        N/A       3%          3
 Summon Forest            Summ/Tloc      7%         N/A       82%         5
 Summon Mana Viper        Hex/Summ       14%        N/A       82%         5
 Summon Cactus Giant      Summ           11%        N/A       91%         6


Dungeon Overview and Level Annotations

Branches:
Dungeon (8/15) Zot: 26940  Temple (0/1) D:4
   Lair: D:8-11

Altars:
Ashenzari
Hepliaklqana
Kikubaaqudgha
Okawaru
Qazlal
Trog
Uskayaw
Wu Jian
Yredelemnul

Shops:
D:2 (   D:5 [   D:8 [

Annotations:
D:1 exclusion: gnoll
D:5 1 runed translucent door
D:8 Psyche


Innate Abilities, Weirdness & Mutations

You are immune to poison.
Your flesh is cold resistant. (rC+)
You are immune to negative energy. (rN+++)
You are immune to unholy pain and torment.
You are vulnerable to heat. (rF-)
You are in touch with the powers of death.
You do not drink.
You have a special connection with the divine. (Faith)


Message History

Press: ? - help, Shift-Dir - straight line, f/p - ancient zyme
Aim: an ancient zyme (water, moderately damaged)
You freeze the ancient zyme.
The ancient zyme is moderately damaged.
The wall freezes the ancient zyme.
The ancient zyme hits you! The ancient zyme barely misses you.
Casting: Freeze (safe; 1% risk of failure)
Confirm with . or Enter, or press ? or * to list all spells.
Aiming: Freeze (safe; 1% risk of failure)
Press: ? - help, Shift-Dir - straight line, f/p - ancient zyme
Aim: an ancient zyme (water, moderately damaged)
You freeze the ancient zyme.
The ancient zyme is heavily damaged.
The wall freezes the ancient zyme.
The ancient zyme hits you but does no damage. x2
Casting: Freeze (safe; 1% risk of failure)
Confirm with . or Enter, or press ? or * to list all spells.
Aiming: Freeze (safe; 1% risk of failure)
Press: ? - help, Shift-Dir - straight line, f/p - ancient zyme
Aim: an ancient zyme (water, heavily damaged)
You freeze the ancient zyme.
The ancient zyme is heavily damaged.
The wall freezes the ancient zyme.
The ancient zyme hits you. The ancient zyme closely misses you.
Casting: Freeze (safe; 1% risk of failure)
Confirm with . or Enter, or press ? or * to list all spells.
Aiming: Freeze (safe; 1% risk of failure)
Press: ? - help, Shift-Dir - straight line, f/p - ancient zyme
Aim: an ancient zyme (water, heavily damaged)
You freeze the ancient zyme.
The ancient zyme is severely damaged.
The wall freezes the ancient zyme.
The ancient zyme closely misses you. x2
Casting: Freeze (safe; 1% risk of failure)
Confirm with . or Enter, or press ? or * to list all spells.
Aiming: Freeze (safe; 1% risk of failure)
Press: ? - help, Shift-Dir - straight line, f/p - ancient zyme
Aim: an ancient zyme (water, severely damaged)
You freeze the ancient zyme!
The ancient zyme is almost destroyed.
The wall freezes the ancient zyme.
The ancient zyme closely misses you.
The ancient zyme hits you but does no damage.
Casting: Freeze (safe; 1% risk of failure)
Confirm with . or Enter, or press ? or * to list all spells.
Aiming: Freeze (safe; 1% risk of failure)
Press: ? - help, Shift-Dir - straight line, f/p - ancient zyme
Aim: an ancient zyme (water, almost destroyed)
You freeze the ancient zyme.
The ancient zyme is almost destroyed.
The wall freezes the ancient zyme.
You destroy the ancient zyme!
Your Dodging skill increases to level 4!
Your Evocations skill increases to level 5!
Casting: Freeze (safe; 1% risk of failure)
Confirm with . or Enter, or press ? or * to list all spells.
You can't see any susceptible monsters within range! (Use Z to cast anyway.) Unknown command.
An orange demon is nearby!
An orange demon is nearby!
The frozen ramparts melt away.
An orange demon is nearby!
Okay, then.
You can't drink.
Unknown command.
An orange demon is nearby!
A hellwing comes into view.
The hellwing gives a chilling moan.
You hear a roar!
The hellwing swoops through the air toward you!
The hellwing hits you. The hellwing barely misses you.
A smoke demon comes into view.
The hellwing misses you.
The hellwing hits you but does no damage.
The hellwing closely misses you. The hellwing barely misses you.
A smoke demon comes into view.
The smoke demon roars!
The hellwing hits you! The hellwing barely misses you.
Unknown command.
Unknown command.
Casting: Freeze (safe; 1% risk of failure)
Confirm with . or Enter, or press ? or * to list all spells.
The walls around you are covered in ice.
The wall freezes the hellwing but does no damage.
The hellwing barely misses you. The hellwing hits you.
A tentacled starspawn comes into view.
A smoke demon comes into view.
The smoke demon roars!
The wall freezes the hellwing but does no damage.
The hellwing hits you but does no damage.
The hellwing hits you.
The wall freezes the smoke demon.
The smoke demon gestures at you. Something smites you!
* * * LOW HITPOINT WARNING * * *
Your unstable footing causes you to fumble your attack.
The wall freezes the hellwing but does no damage.
The hellwing hits you!
* * * LOW HITPOINT WARNING * * *
The hellwing misses you.
A cacodemon comes into view.
The wall freezes the smoke demon!
The smoke demon gestures at you. The sticky flame hits you.
The fire burns you terribly!
You die...

, ,, # #.
#.######.#.
#≈≈≈≈≈3≈≈X#
>
#≈4@§§3≈3≈4
, **
##########2,
* * ,


You could see a tentacled starspawn, a hellwing and a smoke demon.

Vanquished Creatures
  A kobold demonologist (D:6)
  An ancient zyme (Abyss:1)
  Sigmund (D:6)
  Eustachio (D:5)
  A water moccasin (D:7)
  3 ice beasts
  2 sky beasts (D:7)
  A black bear (D:8)
  An ogre (D:5)
  A centaur (D:7)
  A kobold brigand (D:7)
  A necrophage (D:4)
  9 scorpions
  2 killer bees (D:5)
  2 jellies
  5 orc priests
  2 hounds
  A gnoll bouda (D:6)
  Crazy Yiuf (D:4)
  5 iguanas
  4 orc wizards
  8 adders
  12 gnolls
  3 white imps
  An ufetubus (D:6)
  A worm (D:1)
  4 dart slugs
  9 orcs
  4 bats
  7 endoplasms
  7 giant cockroaches
  7 goblins
  4 hobgoblins
  6 kobolds
  6 quokkas
  4 ball pythons
  5 frilled lizards
  6 rats
  A butterfly (D:5)
141 creatures vanquished.

Vanquished Creatures (collateral kills)
  An iguana (D:5)
1 creature vanquished.

Vanquished Creatures (others)
  A fungus (D:4)
1 creature vanquished.

Grand Total: 143 creatures vanquished

Notes
Turn   | Place    | Note
-------+----------+-------------------------------------------
     0 | D:1      | Flugkiller the Mummy Ice Elementalist began the quest for
                  | the Orb.
     0 | D:1      | Reached XP level 1. HP: 13/13 MP: 4/4
   117 | D:1      | Found a faded altar of an unknown god.
   157 | D:1      | Prayed at the altar of an unknown god.
   157 | D:1      | Became a worshipper of Ashenzari the Shackled
   332 | D:1      | Reached XP level 2. HP: 16/19 MP: 4/6
  1005 | D:1      | Reached * piety under Ashenzari
  1307 | D:2      | Identified the ring "Zacwer" {rPois rC+ rCorr Int-4}
  1382 | D:2      | Gained mutation: You are in touch with the powers of death.
                  | [Mummy growth]
  1382 | D:2      | Reached XP level 3. HP: 8/24 MP: 1/7
  1688 | D:2      | Learned a level 3 spell: Frozen Ramparts
  1849 | D:2      | Reached XP level 4. HP: 24/30 MP: 4/9
  1973 | D:2      | Found an ancient bone altar of Kikubaaqudgha.
  2049 | D:2      | Found Jucwyegyru's Weapon Emporium.
  2428 | D:2      | Reached skill level 5 in Spellcasting
  2678 | D:3      | Identified the +1 ring mail "Axzeto Roka" {Rampage rPois
                  | rC+++ Str-2}
  2714 | D:3      | Noticed a necrophage
  3171 | D:3      | Reached XP level 5. HP: 36/36 MP: 12/12
  3187 | D:3      | Reached skill level 1 in Fighting
  3360 | D:3      | Reached ** piety under Ashenzari
  3366 | D:3      | Learned a level 4 spell: Summon Ice Beast
  3613 | D:4      | HP: 1/37 [orc wizard/+0 dagger (1)]
  4065 | D:4      | Found a glowing drain.
  4078 | D:4      | Reached skill level 1 in Summonings
  4078 | D:4      | Reached XP level 6. HP: 13/44 MP: 0/14
  4450 | D:4      | Found a staircase to the Ecumenical Temple.
  4710 | D:4      | Found a runed translucent door.
  4711 | D:4      | Noticed Crazy Yiuf
  4717 | D:4      | Killed Crazy Yiuf
  5219 | D:5      | Entered Level 5 of the Dungeon
  5248 | D:5      | Noticed Eustachio
  5254 | D:5      | Killed Eustachio
  5255 | D:5      | Reached XP level 7. HP: 43/50 MP: 6/16
  5398 | D:5      | Found Afia's Armour Shoppe.
  5427 | D:5      | Found a runed translucent door.
  6021 | D:5      | Found an iron altar of Okawaru.
  6096 | D:5      | Reached skill level 5 in Summonings
  6146 | D:5      | Reached XP level 8. HP: 53/56 MP: 8/17
  6263 | D:5      | Reached skill level 5 in Ice Magic
  6263 | D:5      | Reached skill level 1 in Evocations
  6378 | D:5      | Found a runed translucent door.
  6776 | D:5      | Noticed a nameless horror
  7181 | D:5      | Reached skill level 1 in Short Blades
  7344 | D:6      | Found an ancient bone altar of Kikubaaqudgha.
  7432 | D:6      | Noticed Sigmund
  7447 | D:6      | Killed Sigmund
  7448 | D:6      | Reached skill level 5 in Fighting
  7505 | D:6      | Noticed a kobold demonologist
  7526 | D:6      | Noticed an ice devil
  7532 | D:6      | Noticed a sixfirhy
  7533 | D:6      | Killed a kobold demonologist
  7534 | D:6      | Reached XP level 9. HP: 32/69 MP: 15/18
  7759 | D:6      | Found a bloodstained altar of Trog.
  9160 | D:7      | Found a hide-covered altar of Uskayaw.
  9160 | D:7      | Found a broken altar of Ashenzari.
  9160 | D:7      | Found a hazy altar of Hepliaklqana.
  9161 | D:7      | Found a stormy altar of Qazlal.
  9164 | D:7      | Found a basalt altar of Yredelemnul.
  9167 | D:7      | Found an ornate altar of the Wu Jian Council.
  9237 | D:8      | Found Soulibyi's Armour Shoppe.
  9247 | D:8      | Noticed Psyche
  9253 | Abyss:1  | Cast into level 1 of the Abyss (Psyche)
  9262 | Abyss:1  | Noticed a smoke demon
  9420 | Abyss:1  | Noticed an orange demon
  9460 | Abyss:1  | Noticed an ancient zyme
  9480 | Abyss:1  | Killed an ancient zyme
  9481 | Abyss:1  | Reached skill level 5 in Evocations
  9498 | Abyss:1  | Noticed a hellwing
  9502 | Abyss:1  | Noticed a smoke demon
  9504 | Abyss:1  | Noticed a smoke demon
  9506 | Abyss:1  | Noticed a tentacled starspawn
  9506 | Abyss:1  | Noticed a smoke demon
  9508 | Abyss:1  | HP: 3/69 [hellwing (7)]
  9508 | Abyss:1  | Noticed a cacodemon
  9508 | Abyss:1  | Killed from afar by a smoke demon

Illustrated notes

Levels and vault maps discovered:
D:1:      scummos_arrival_hexagon, layout_basic,
          shapermc_ecumenical_altar_mp_ritualfount, nicolae_wormholes
D:2:      layout_rooms, basic_altar, serial_shops, shop_fountains,
          serial_curves, eino_curves_04, eino_curves_01, eino_curves_04
D:3:      layout_basic
D:4:      layout_loops_ring, minmay_temple_entry_proselytizer,
          portal_sewer_entry_f, chequers_serial_rivers_small_a,
          uniq_crazy_yiuf_cottage
D:5:      lemuel_insect_pit, layout_basic, okawaru_metal_pillars_1_2,
          serial_shops, shop, kennysheep_generic_room_11, uniq_eustachio
D:6:      layout_basic, mainiacjoe_overflow_brackets,
          mainiacjoe_overflow_small_starburst, serial_park_tiny_pond,
          uniq_sigmund
D:7:      minmay_inner_zag, layout_cave_pools, minitemple
D:8:      gammafunk_jiyva_shrine, layout_loops_ring, serial_shops,
          nicolae_shop_stone, nicolae_stop_n_shop_2, shop, nicolae_shop_crystal,
          shop, uniq_psyche
Abyss:1:  base:
Sewer

Skill      XL: |  1  2  3  4  5  6  7  8  9 |
---------------+----------------------------+-----
Spellcasting   | 3 5 6 |  6.0
Ice Magic      | 4 5 |  5.1
Fighting       | 2 6 |  6.0
Summonings     | 1 3 5 |  5.2
Evocations     | 3 5 |  5.0
Short Blades   | 1 |  1.4
Dodging        | 4 |  4.2
Stealth        | |  1.5

Action                   |  1- 3 |  4- 6 |  7- 9 || total
-------------------------+-------+-------+-------++-------
Melee: Long sword        |    25 |    52 |       ||    77
       Punch             |     1 |     2 |     1 ||     4
       Rapier            |       |       |   121 ||   121
 Cast: Freeze            |    44 |    84 |    86 ||   214
       Frozen Ramparts   |     2 |    14 |    26 ||    42
       Summon Ice Beast  |       |       |     2 ||     2
Invok: Curse Item        |     2 |     1 |     1 ||     4
       Shatter the Chain |       |       |     1 ||     1
Evoke: Wand              |       |       |     1 ||     1
  Use: Scroll            |       |     2 |     8 ||    10
 Stab: Sleeping          |     1 |     1 |       ||     2
Armor: Leather armour    |    11 |    35 |   142 ||   188
       Robe              |     1 |       |       ||     1
Dodge: Dodged            |    44 |    81 |   220 ||   345

Table legend: (Time is in decaauts)
 A = Elapsed time spent in this place.
 B = Non-inter-level travel time spent in this place.
 C = Inter-level travel time spent in this place.
 D = Time resting spent in this place.
 E = Time spent auto-exploring this place.
 F = Levels seen in this place.
 G = Mean time per level.
                   A        B        C        D        E       F      G
               +--------+--------+--------+--------+--------+-----+--------+
         Total |   9571 |   9183 |    388 |   3537 |   3674 |   9 | 1063.4 |
       Dungeon |   9316 |   8928 |    388 |   3406 |   3674 |   8 | 1164.5 |
         Abyss |    255 |    255 |      0 |    131 |      0 |   1 |  255.0 |
               +--------+--------+--------+--------+--------+-----+--------+

Top non-repeatable levels by time:
     D:5: 2002 daAuts
     D:1: 1656 daAuts
     D:4: 1433 daAuts
     D:2: 1320 daAuts
     D:6: 1158 daAuts
     D:3: 858 daAuts
     D:7: 827 daAuts
 Abyss:1: 255 daAuts
     D:8: 59 daAuts
